AoeStats
← [CL] Al3jandr0.magn00

Runestones

507172215Analyzed
1v1 RM · 14d ago on Sep 17, 2026· 45m 11s· 2 players
Game mode
Random Map
Map size
Tiny (2 player)
Population
200
Speed
Normal
Resources
Standard
Victory
Conquest
Starting age
Dark Age
Ending age
Imperial Age
RankedLock teamsTeams togetherTeam positionsShared explorationLock speedFull tech treeHidden civsTurbo modeCheats
Victory
Defeat
🇦🇷 Chinese · Argentina
1886
+11
🇵🇪 Turks · Peru
1775
-11
[CL] Al3jandr0.magn00
0:28 Loom
8:13 Feudal Age
9:09 Double-Bit Axe
10:02 Horse Collar
20:38 Castle Age
18:58 Gold Mining
19:23 Fletching
19:46 Bloodlines
20:33 Forging
21:02 Scale Barding Armor
21:43 Bow Saw
27:05 Squires
28:27 Scale Mail Armor
33:02 Bodkin Arrow
33:43 Wheelbarrow
34:24 Stone Mining
34:20 Town Watch
38:08 Imperial Age
36:16 Padded Archer Armor
36:45 Ballistics
37:44 Crossbowman
38:30 Thumb Ring
38:42 Leather Archer Armor
38:54 Bracer
39:55 Chemistry
38:36 Capped Ram
38:45 Arbalester
40:14 Conscription
40:48 Ring Archer Armor
41:10 Hand Cart
41:38 Light Cavalry
42:18 Husbandry
42:39 Chain Barding Armor
41:46 Siege Ram
46:21 Plate Barding Armor
46:22 Iron Casting
Sliper
5:55 Loom
8:40 Feudal Age
10:32 Wheelbarrow
13:03 Horse Collar
22:12 Castle Age
21:16 Bloodlines
21:53 Scale Barding Armor
21:39 Double-Bit Axe
25:40 Gold Mining
27:42 Town Watch
28:39 Husbandry
28:41 Fletching
29:37 Bodkin Arrow
36:08 Imperial Age
34:33 Padded Archer Armor
35:11 Ballistics
37:06 Bracer
39:17 Thumb Ring
42:01 Leather Archer Armor
44:26 Gold Shaft Mining
Connection lost

Rejoining the realm…

Still unreachable

The connection could not be restored.

Session expired

The server has moved on; the page needs a fresh start.